| TOP OF THE 1ST |
|
Charleston RiverDogs batting - Pitching for Beloit Snappers : RHP Dave Magana
|
|
Pitching: RHP Dave Magana
|
|
|
Batting: LHB Marc Durgin
|
0-0: Ball 1-0: Ball 2-0: Ball 3-0: Swinging Strike 3-1: Called Strike 3-2: Strikes out swinging
|
|
Batting: LHB Dale Anderson
|
0-0: Swinging Strike 0-1: Foul Ball, location: 2F 0-2: Foul Ball, location: 2F 0-2: Ball 1-2: Ball 2-2: Ground out U3 (Groundball, 3L, EV 76.9 MPH)
|
|
Batting: RHB Iften Olujimi
|
0-0: Ball 1-0: Ball 2-0: Ball 3-0: Called Strike 3-1: Foul Ball, location: 2F 3-2: Strikes out swinging
|
| Top of the 1st over - 0 runs, 0 hits, 0 errors, 0 left on base; Charleston 0 - Beloit 0 |
| BOTTOM OF THE 1ST |
|
Beloit Snappers batting - Pitching for Charleston RiverDogs : RHP Bobby Kosmicki
|
|
Pitching: RHP Bobby Kosmicki
|
|
|
Batting: RHB Manny Moron
|
0-0: Foul Ball, location: 2F 0-1: Ball 1-1: Called Strike 1-2: Ball 2-2: Strikes out swinging
|
|
Batting: LHB Oscar Curiel
|
0-0: Fly out, F9 (Flyball, 9, EV 87.5 MPH)
|
|
Batting: LHB Nate Melendez
|
0-0: Ball 1-0: SINGLE (Groundball, 3D, EV 96.2 MPH)
|
|
Batting: LHB Roscoe Romaine
|
0-0: Called Strike 0-1: Ball 1-1: Ball 2-1: Ball 3-1: Foul Ball, location: 2F 3-2: Fly out, F8 (Flyball, 8LXD, EV 110.0 MPH)
|
| Bottom of the 1st over - 0 runs, 1 hit, 0 errors, 1 left on base; Charleston 0 - Beloit 0 |
| TOP OF THE 2ND |
|
Charleston RiverDogs batting - Pitching for Beloit Snappers : RHP Dave Magana
|
|
Batting: LHB Jeremiah Walker
|
0-0: SINGLE (Groundball, 4D, EV 94.4 MPH)
|
|
Batting: RHB Mike Zern
|
0-0: Foul Ball, location: 2F 0-1: Foul Ball, location: 2F 0-2: Foul Ball, location: 2F 0-2: Strikes out swinging
|
|
Batting: RHB Bill Nguyen-Tan
|
0-0: Called Strike 0-1: Ground out 5-3 (Groundball, 56S, EV 71.2 MPH) Jeremiah Walker to second
|
|
Batting: RHB Michael Patterson
|
0-0: Ball 1-0: Swinging Strike 1-1: Ball 2-1: Foul Ball, location: 2F 2-2: Strikes out swinging
|
| Top of the 2nd over - 0 runs, 1 hit, 0 errors, 1 left on base; Charleston 0 - Beloit 0 |
| BOTTOM OF THE 2ND |
|
Beloit Snappers batting - Pitching for Charleston RiverDogs : RHP Bobby Kosmicki
|
|
Batting: RHB Walt Alaniz
|
0-0: Called Strike 0-1: Foul Ball, location: 2F 0-2: Foul Ball, location: 2F 0-2: Strikes out swinging
|
|
Batting: LHB Ed Talamantes
|
0-0: Ball 1-0: Foul Ball, location: 2F 1-1: Foul Ball, location: 2F 1-2: Ball 2-2: Foul Ball, location: 2F 2-2: Ball 3-2: Ground out 4-3 (Groundball, 4, EV 82.5 MPH)
|
|
Batting: RHB Rafael Alarcon
|
0-0: Foul Ball, location: 2F 0-1: Ball 1-1: Swinging Strike 1-2: Ball 2-2: Strikes out swinging
|
| Bottom of the 2nd over - 0 runs, 0 hits, 0 errors, 0 left on base; Charleston 0 - Beloit 0 |
| TOP OF THE 3RD |
|
Charleston RiverDogs batting - Pitching for Beloit Snappers : RHP Dave Magana
|
|
Batting: RHB Louwe Starmans
|
0-0: Foul Ball, location: 2F 0-1: Swinging Strike 0-2: Ball 1-2: Ball 2-2: Strikes out looking
|
|
Batting: RHB Bobby White
|
0-0: Ball 1-0: Ball 2-0: Ball 3-0: Called Strike 3-1: Swinging Strike 3-2: Base on Balls
|
|
Batting: LHB Marc Durgin
|
0-0: Foul Ball, location: 2F 0-1: Ball 1-1: Foul Ball, location: 2F 1-2: Ball 2-2: Strikes out swinging
|
|
Batting: LHB Dale Anderson
|
0-0: Foul Ball, location: 2F 0-1: Hit by Pitch Bobby White to second
|
|
Batting: RHB Iften Olujimi
|
0-0: Ball 1-0: Called Strike 1-1: Swinging Strike Passed Ball! Bobby White to third Dale Anderson to second 1-2: Ball 2-2: Ground out 5-3 (Groundball, 5, EV 103.8 MPH)
|
| Top of the 3rd over - 0 runs, 0 hits, 0 errors, 2 left on base; Charleston 0 - Beloit 0 |
| BOTTOM OF THE 3RD |
|
Beloit Snappers batting - Pitching for Charleston RiverDogs : RHP Bobby Kosmicki
|
|
Batting: RHB Chris Temple
|
0-0: Foul Ball, location: 2F 0-1: Swinging Strike 0-2: Ball 1-2: Ball 2-2: Ball 3-2: Foul Ball, location: 2F 3-2: Ground out 5-3 (Groundball, 56S, EV 64.4 MPH)
|
|
Batting: RHB Tim Anderson
|
0-0: SINGLE (Groundball, 4MD, EV 103.1 MPH)
|
|
Batting: RHB Manny Moron
|
0-0: Ball Balk! Tim Anderson to second 1-0: Ball 2-0: Fly out, F2 (Popup, 13S, EV 91.2 MPH)
|
|
Batting: LHB Oscar Curiel
|
0-0: Called Strike 0-1: Ball 1-1: Foul Ball, location: 2F 1-2: Ball 2-2: Ball 3-2: DOUBLE (Flyball, 89D, EV 105.6 MPH) Tim Anderson scores
|
|
Batting: LHB Nate Melendez
|
0-0: DOUBLE (Line Drive, 78D, EV 113.1 MPH) Oscar Curiel scores
|
|
Batting: LHB Roscoe Romaine
|
0-0: Ball 1-0: Called Strike 1-1: Ground out U3 (Groundball, 3, EV 89.4 MPH)
|
| Bottom of the 3rd over - 2 runs, 3 hits, 0 errors, 1 left on base; Charleston 0 - Beloit 2 |
| TOP OF THE 4TH |
|
Charleston RiverDogs batting - Pitching for Beloit Snappers : RHP Dave Magana
|
|
Batting: LHB Jeremiah Walker
|
0-0: Ball 1-0: Ball 2-0: Ball 3-0: Called Strike 3-1: Swinging Strike 3-2: Ground out 5-3 (Groundball, 56, EV 108.1 MPH)
|
|
Batting: RHB Mike Zern
|
0-0: Swinging Strike 0-1: Ground out 1-3 (Groundball, 13S, EV 56.9 MPH)
|
|
Batting: RHB Bill Nguyen-Tan
|
0-0: Called Strike 0-1: Ball 1-1: Ball 2-1: Ball 3-1: Called Strike 3-2: Strikes out swinging
|
| Top of the 4th over - 0 runs, 0 hits, 0 errors, 0 left on base; Charleston 0 - Beloit 2 |
| BOTTOM OF THE 4TH |
|
Beloit Snappers batting - Pitching for Charleston RiverDogs : RHP Bobby Kosmicki
|
|
Batting: RHB Walt Alaniz
|
0-0: DOUBLE (Line Drive, 3D, EV 99.4 MPH)
|
|
Batting: LHB Ed Talamantes
|
0-0: Ball 1-0: Ball 2-0: Called Strike 2-1: Swinging Strike 2-2: Strikes out swinging
|
|
Batting: RHB Rafael Alarcon
|
0-0: Called Strike 0-1: Ground out 6-3 (Groundball, 6S, EV 66.2 MPH) Walt Alaniz to third
|
|
Batting: RHB Chris Temple
|
0-0: Ball 1-0: Ball 2-0: Ball 3-0: Base on Balls
|
|
Batting: RHB Tim Anderson
|
0-0: Ball 1-0: Called Strike 1-1: Ball 2-1: Foul Ball, location: 2F 2-2: Strikes out swinging
|
| Bottom of the 4th over - 0 runs, 1 hit, 0 errors, 2 left on base; Charleston 0 - Beloit 2 |
| TOP OF THE 5TH |
|
Charleston RiverDogs batting - Pitching for Beloit Snappers : RHP Dave Magana
|
|
Batting: RHB Michael Patterson
|
0-0: Ball 1-0: Ball 2-0: Ball 3-0: Base on Balls
|
|
Batting: RHB Louwe Starmans
|
0-0: Ball 1-0: Ball 2-0: Ball 3-0: Called Strike 3-1: Base on Balls Michael Patterson to second
|
|
Batting: RHB Bobby White
|
0-0: Ball 1-0: Swinging Strike 1-1: Ball 2-1: Called Strike 2-2: Foul Ball, location: 2F 2-2: Foul Ball, location: 2F 2-2: Fly out, F8 (Flyball, 89M, EV 82.5 MPH)
|
|
Batting: LHB Marc Durgin
|
0-0: Ball 1-0: SINGLE (Line Drive, 8RS, EV 105.6 MPH) Michael Patterson to third Louwe Starmans to second Runner from 3rd tries for Home, SAFE, throw by CF to home
|
|
Batting: LHB Dale Anderson
|
0-0: Foul Ball, location: 2F 0-1: Ball 1-1: Grounds into double play, 4-6-3 (Groundball, 34, EV 90.6 MPH)
|
| Top of the 5th over - 1 run, 1 hit, 0 errors, 1 left on base; Charleston 1 - Beloit 2 |
| BOTTOM OF THE 5TH |
|
Beloit Snappers batting - Pitching for Charleston RiverDogs : RHP Bobby Kosmicki
|
|
Batting: RHB Manny Moron
|
0-0: Ball 1-0: Ball 2-0: Foul Ball, location: 2F 2-1: Foul Ball, location: 2F 2-2: Foul Ball, location: 2F 2-2: Ball 3-2: Base on Balls
|
|
Batting: LHB Oscar Curiel
|
0-0: Ball 1-0: Foul Ball, location: 2F 1-1: Ball 2-1: SINGLE (Groundball, 6D, EV 106.2 MPH) Manny Moron to second Runner from 2nd tries for 3rd, SAFE, throw by CF made at trailing runner, OUT! 8-4
|
|
Batting: LHB Nate Melendez
|
0-0: Ball 1-0: Ground out 4-3 (Groundball, 34, EV 86.9 MPH)
|
|
Batting: LHB Roscoe Romaine
|
0-0: Ball 1-0: Called Strike 1-1: Foul Ball, location: 2F 1-2: Foul Ball, location: 2F 1-2: Ball 2-2: Ball 3-2: Foul Ball, location: 2F 3-2: Foul Ball, location: 2F 3-2: Ground out 4-3 (Groundball, 4, EV 100.6 MPH)
|
| Bottom of the 5th over - 0 runs, 1 hit, 0 errors, 1 left on base; Charleston 1 - Beloit 2 |
| TOP OF THE 6TH |
|
Charleston RiverDogs batting - Pitching for Beloit Snappers : RHP Dave Magana
|
|
Batting: RHB Iften Olujimi
|
0-0: Called Strike 0-1: Ground out 4-3 (Groundball, 4, EV 88.1 MPH)
|
|
Batting: LHB Jeremiah Walker
|
0-0: Called Strike 0-1: Hit by Pitch
|
|
Batting: RHB Mike Zern
|
0-0: Ball 1-0: Ball 2-0: Foul Ball, location: 2F 2-1: Foul Ball, location: 2F 2-2: Fly out, F6 (Line Drive, 6MD, EV 66.9 MPH) Lined into DP, 6-3 (Line Drive, 6MD, EV 66.2 MPH)
|
| Top of the 6th over - 0 runs, 0 hits, 0 errors, 0 left on base; Charleston 1 - Beloit 2 |
| BOTTOM OF THE 6TH |
|
Beloit Snappers batting - Pitching for Charleston RiverDogs : RHP Bobby Kosmicki
|
|
Pitching: LHP Alex Pulido
|
|
|
Batting: RHB Walt Alaniz
|
0-0: Called Strike 0-1: Foul Ball, location: 2F 0-2: Strikes out looking
|
|
Batting: LHB Ed Talamantes
|
0-0: SINGLE (Line Drive, 7S, EV 103.1 MPH)
|
|
Batting: RHB Rafael Alarcon
|
0-0: Ball 1-0: Ball 2-0: Foul Ball, location: 2F 2-1: Ball 3-1: Foul Ball, location: 2F 3-2: Base on Balls Ed Talamantes to second
|
|
Batting: RHB Chris Temple
|
0-0: Foul Ball, location: 2F 0-1: Ball 1-1: Fly out, F4 (Popup, 4, EV 57.5 MPH)
|
|
Batting: RHB Tim Anderson
|
0-0: Ball 1-0: Fielders Choice at 2nd, 6-4 (Groundball, 6, EV 99.4 MPH)
|
| Bottom of the 6th over - 0 runs, 1 hit, 0 errors, 2 left on base; Charleston 1 - Beloit 2 |
| TOP OF THE 7TH |
|
Charleston RiverDogs batting - Pitching for Beloit Snappers : RHP Dave Magana
|
|
Pinch Hitting: LHB Joe Vida
|
0-0: Ball 1-0: Ball 2-0: Ball 3-0: Called Strike 3-1: Foul Ball, location: 2F 3-2: Foul Ball, location: 2F 3-2: Ground out 5-3 (Groundball, 5S, EV 80.6 MPH)
|
|
Pitching: RHP Kyle Rasor
|
|
|
Batting: RHB Michael Patterson
|
0-0: Called Strike 0-1: Ball 1-1: Called Strike 1-2: Foul Ball, location: 2F 1-2: Ball 2-2: Ball 3-2: Foul Ball, location: 2F 3-2: Strikes out looking
|
|
Pinch Hitting: SHB Tadaaki Kondo
|
0-0: Called Strike 0-1: Ball 1-1: SOLO HOME RUN (Flyball, 9D, EV 100.6 MPH), Distance : 380 ft
|
|
Batting: RHB Bobby White
|
0-0: Called Strike 0-1: SINGLE (Groundball, 5D, EV 108.1 MPH)
|
|
Batting: LHB Marc Durgin
|
0-0: Called Strike 0-1: Swinging Strike 0-2: Ball 1-2: Strikes out swinging
|
| Top of the 7th over - 1 run, 2 hits, 0 errors, 1 left on base; Charleston 2 - Beloit 2 |
| BOTTOM OF THE 7TH |
|
Beloit Snappers batting - Pitching for Charleston RiverDogs : LHP Alex Pulido
|
|
Now at 3B: Gonçalo Burhil
|
|
|
Now in LF: John Sprenkel
|
|
|
Batting: RHB Manny Moron
|
0-0: Fly out, F9 (Flyball, 9, EV 91.2 MPH)
|
|
Batting: LHB Oscar Curiel
|
0-0: Ball 1-0: Ball 2-0: Foul Ball, location: 2F 2-1: Ball 3-1: Called Strike 3-2: Strikes out swinging
|
|
Batting: LHB Nate Melendez
|
0-0: Ball 1-0: Called Strike 1-1: Ground out 3-1 (Groundball, 34S, EV 80.0 MPH)
|
| Bottom of the 7th over - 0 runs, 0 hits, 0 errors, 0 left on base; Charleston 2 - Beloit 2 |
| TOP OF THE 8TH |
|
Charleston RiverDogs batting - Pitching for Beloit Snappers : RHP Kyle Rasor
|
|
Batting: LHB Dale Anderson
|
0-0: Called Strike 0-1: Swinging Strike 0-2: Strikes out looking
|
|
Pinch Hitting: LHB Ernesto Abreu
|
0-0: Ball 1-0: Ball 2-0: Ball 3-0: Called Strike 3-1: Foul Ball, location: 2F 3-2: SOLO HOME RUN (Line Drive, 9LD, EV 101.2 MPH), Distance : 389 ft
|
|
Batting: LHB Jeremiah Walker
|
0-0: Ball 1-0: Foul Ball, location: 2F 1-1: Ball 2-1: Ball 3-1: Swinging Strike 3-2: Strikes out looking
|
|
Batting: RHB Mike Zern
|
0-0: Ball 1-0: Foul Ball, location: 2F 1-1: Ground out 3-1 (Groundball, 34, EV 91.9 MPH)
|
| Top of the 8th over - 1 run, 1 hit, 0 errors, 0 left on base; Charleston 3 - Beloit 2 |
| BOTTOM OF THE 8TH |
|
Beloit Snappers batting - Pitching for Charleston RiverDogs : LHP Alex Pulido
|
|
Pitching: RHP Willie Perez
|
|
|
Now at 1B: Francisco Aguayo
|
|
|
Batting: LHB Roscoe Romaine
|
0-0: Ball 1-0: Called Strike 1-1: Called Strike 1-2: Ground out 4-3 (Groundball, 34D, EV 106.9 MPH)
|
|
Batting: RHB Walt Alaniz
|
0-0: Ball 1-0: Ground out 4-3 (Groundball, 4D, EV 89.4 MPH)
|
|
Batting: LHB Ed Talamantes
|
0-0: Fly out, F7 (Flyball, 7, EV 75.6 MPH)
|
| Bottom of the 8th over - 0 runs, 0 hits, 0 errors, 0 left on base; Charleston 3 - Beloit 2 |
| TOP OF THE 9TH |
|
Charleston RiverDogs batting - Pitching for Beloit Snappers : RHP Kyle Rasor
|
|
Pitching: RHP Tony Contreras
|
|
|
Batting: RHB John Sprenkel
|
0-0: Ball 1-0: Foul Ball, location: 2F 1-1: Called Strike 1-2: Strikes out swinging
|
|
Batting: RHB Michael Patterson
|
0-0: Ball 1-0: Ball 2-0: Ball 3-0: Called Strike 3-1: Ground out U3 (Groundball, 34, EV 95.0 MPH)
|
|
Batting: RHB Gonçalo Burhil
|
0-0: Ball 1-0: Fly out, F8 (Flyball, 8RXD, EV 106.9 MPH)
|
| Top of the 9th over - 0 runs, 0 hits, 0 errors, 0 left on base; Charleston 3 - Beloit 2 |
| BOTTOM OF THE 9TH |
|
Beloit Snappers batting - Pitching for Charleston RiverDogs : RHP Willie Perez
|
|
Batting: RHB Rafael Alarcon
|
0-0: Ball 1-0: Ball 2-0: Ground out 6-3 (Groundball, 56S, EV 65.6 MPH)
|
|
Batting: RHB Chris Temple
|
0-0: Ball 1-0: Foul Ball, location: 2F 1-1: Swinging Strike 1-2: Foul Ball, location: 2F 1-2: Foul Ball, location: 2F 1-2: Ground out 6-3 (Groundball, 56S, EV 81.9 MPH)
|
|
Pinch Hitting: LHB Marcus Pollard
|
0-0: Called Strike 0-1: Ground out 6-3 (Groundball, 6S, EV 86.9 MPH)
|
| Bottom of the 9th over - 0 runs, 0 hits, 0 errors, 0 left on base; Charleston 3 - Beloit 2 |
|